 Dungeon Crawl Stone Soup version 0.30.0-30-g96aa6591b8 (webtiles) character file.

Game seed: 14326970694785403932

22226 qw the Cleaver (level 12, -8/76 HPs)
             Began as a Gargoyle Fighter on June 29, 2023.
             Was an Elder of Okawaru.
             Mangled by an eight-headed hydra (11 damage)
             ... on level 3 of the Lair of Beasts.
             The game lasted 00:05:23 (10267 turns).

qw the Cleaver (Gargoyle Fighter)                  Turns: 10267, Time: 00:05:24

Health: -8/76      AC: 31    Str: 25    XL:     12   Next: 98%
Magic:  19/19      EV: 14    Int:  9    God:    Okawaru [****..]
Gold:   395        SH: 12    Dex:  9    Spells: 11/11 levels left

rFire   + . .        s - +4 morningstar
rCold   . . .        j - +0 kite shield
rNeg    + + .        m - +0 plate armour
rPois   inf          r - +0 helmet
rElec   +            v - +0 cloak
rCorr   .            (no gloves)
SInv    .            p - +2 pair of boots of the Growing Gods {rPois rN+}
Will    .....        c - amulet of regeneration Stlth
                     n - +5 ring of evasion
HPRegen 1.12/turn    o - ring of protection from fire
MPRegen 0.16/turn

%: no passive effects
@: about to teleport, heroic
A: sickness immunity, AC +8, negative energy resistance 1, electricity
resistance, torment resistance 1, petrification resistance
a: Renounce Religion, Heroism, Finesse


You were on level 3 of the Lair of Beasts.
You worshipped Okawaru.
Okawaru was greatly pleased with you.
You visited 2 branches of the dungeon, and saw 12 of its levels.

You collected 707 gold pieces.
You spent 312 gold pieces at shops.


Innate Abilities, Weirdness & Mutations

You are immune to sickness and miasma.
Your stone body is resilient. (AC +8)
You are immune to poison.
You resist negative energy. (rN+)
You are resistant to electric shocks. (rElec)
You are resistant to unholy torment.
You are immune to petrification.


   Skills:
 - Level 9.0(14.0) Fighting
 - Level 12.0(17.0) Axes
 - Level 4.4(9.4) Throwing
 + Level 8.5(13.5) Armour
 - Level 1.4(6.4) Dodging
 - Level 10.0(15.0) Shields
 - Level 10.0 Invocations


You had 11 spell levels left.
You didn't know any spells.
Your spell library was empty.

Inventory:

Hand Weapons
 b - a +3 heavy broad axe
 q - a +3 vampiric broad axe
 s - a +4 morningstar (weapon)
Armour
 j - a +0 kite shield (worn)
 m - a +0 plate armour (worn)
 p - the +2 pair of boots of the Growing Gods (worn) {rPois rN+}
   (You found it on level 3 of the Dungeon)

   rPois:     It protects you from poison.
   rN:        It protects you from negative energy.
 r - a +0 helmet (worn)
 v - a +0 cloak (worn)
Jewellery
 c - an amulet of regeneration (around neck)
 h - a ring of fire
 n - a +5 ring of evasion (left hand)
 o - a ring of protection from fire (right hand)
 u - a ring of positive energy
 y - an amulet of reflection
Wands
 t - a wand of digging (8)
Scrolls
 f - a scroll of identify
 k - 5 scrolls of teleportation
Potions
 a - 4 potions of magic
 d - 3 potions of might
 e - a potion of resistance
 g - 2 potions of curing
 i - 6 potions of heal wounds
 l - a potion of attraction
 w - 3 potions of lignification
 x - a potion of mutation {unknown}

Dungeon Overview and Level Annotations

Branches:
Dungeon (9/15)             Temple (0/1) D:4            Lair (3/5) D:9
 Shoals (0/4) Lair:2        Snake (0/4) Lair:2
    Orc: D:9-12

Altars:
Ashenzari
Dithmenos
Gozag
Hepliaklqana
Kikubaaqudgha
Makhleb
Nemelex Xobeh
Okawaru
Qazlal
Uskayaw
Vehumet
Wu Jian
Xom
Yredelemnul
The Shining One

Shops:
D:4 *   D:6 *

Annotations:
Lair:3 1 runed translucent door


Message History

The eight-headed hydra closely misses you.
You block the eight-headed hydra's attack.
The eight-headed hydra barely misses you.
The eight-headed hydra bites you but does no damage.
The eight-headed hydra closely misses you.
The eight-headed hydra misses you.
The eight-headed hydra bites you but does no damage.
You block the eight-headed hydra's attack.
You sock the eight-headed hydra!
The eight-headed hydra is severely wounded.
The eight-headed hydra bites you but does no damage.
You block the eight-headed hydra's attack.
The eight-headed hydra bites you but does no damage. x3
The eight-headed hydra closely misses you.
You block the eight-headed hydra's attack.
The eight-headed hydra bites you but does no damage.
You puncture the eight-headed hydra!
The eight-headed hydra is almost dead.
You block the eight-headed hydra's attack. x2
The eight-headed hydra closely misses you.
The eight-headed hydra misses you. The eight-headed hydra bites you.
The eight-headed hydra bites you but does no damage. x2
The eight-headed hydra bites you!
You hit the eight-headed hydra.
The eight-headed hydra is almost dead.
The eight-headed hydra bites you but does no damage.
The eight-headed hydra bites you!
The eight-headed hydra bites you but does no damage. x2
The eight-headed hydra misses you. The eight-headed hydra bites you!
The eight-headed hydra bites you but does no damage.
The eight-headed hydra completely misses you.
10267 ||| READING 6 scrolls of teleportation.
As you read the scroll of teleportation, it crumbles to dust.
You feel strangely unstable.
The eight-headed hydra bites you but does no damage. x2
The eight-headed hydra completely misses you.
The eight-headed hydra bites you!
You block the eight-headed hydra's attack.
The eight-headed hydra bites you!
You die...

.(.# . .. ...# #..# ..
.#..(# #..# ... .#..#
#..# .... ...# #..# ..$..
#..# #..# ......#D.#
##..### .......@.##
#....P#
..........####....#
.................###
#....#............#
.................####7
..................##~77##
....................~~7~#
....................~~~~7
##
.....................P~P~


You could see an eight-headed hydra.

Vanquished Creatures
  Harold (D:9)
  Erica (D:8)
  3 two-headed ogres (D:9)
  A skyshark (Lair:2)
  A manticore (D:7)
  7 cane toads
  4 black mambas (Lair:2)
  3 rime drakes
  4 komodo dragons
  5 blink frogs (Lair:3)
  A snapping turtle (Lair:2)
  Sigmund (D:3)
  5 wyverns
  A wraith (D:7)
  A basilisk (Lair:2)
  26 yaks
  2 steam dragons
  10 water moccasins
  An orc warrior (D:7)
  4 sky beasts
  A black bear (D:8)
  7 ice beasts
  An ogre (D:5)
  6 centaurs
  14 wolves
  A kobold brigand (D:8)
  3 phantoms
  10 bullfrogs
  5 scorpions
  3 gnoll sergeants
  9 wights
  12 killer bees
  4 electric eels
  5 orc priests
  4 hounds
  2 jellies
  A gnoll bouda (D:7)
  4 iguanas
  7 orc wizards
  4 adders
  12 gnolls
  A shadow imp (D:7)
  A white imp (D:6)
  A worm (D:2)
  A dart slug (D:1)
  14 orcs
  5 ball pythons
  3 endoplasms
  2 giant cockroaches (D:2)
  8 goblins
  5 hobgoblins
  4 quokkas
  3 bats
  3 frilled lizards
  13 kobolds
  8 rats
269 creatures vanquished.

Notes
Turn   | Place    | Note
-------+----------+-------------------------------------------
     0 | D:1      | qw the Gargoyle Fighter began the quest for the Orb.
     0 | D:1      | Reached XP level 1. HP: 14/14 MP: 1/1
     0 | D:1      | 0 ||| qw: Version: 0.3-a-24-g62f9e04
     0 | D:1      | 0 ||| qw: Game counter: 1536
     0 | D:1      | 0 ||| qw: Melee chars always use a shield: true
     0 | D:1      | 0 ||| qw: God list: Okawaru
     0 | D:1      | 0 ||| qw: Allow faded altars: false
     0 | D:1      | 0 ||| qw: Do Orc after clearing Dungeon:15 true
     0 | D:1      | 0 ||| qw: Do second Lair branch before Depths: true
     0 | D:1      | 0 ||| qw: Lair rune preference: random
     0 | D:1      | 0 ||| qw: Goals: Normal, Zot:1-4, Slime:5, God:TSO, Crypt,
                  | Tomb, Abyss, Pan, Hells, Win
     0 | D:1      | 0 ||| PLANNING D:1-11
    56 | D:1      | Reached skill level 2 in Axes
   192 | D:1      | Reached XP level 2. HP: 17/19 MP: 2/2
   225 | D:1      | 225 ||| Stepping ~*~*~tactically~*~*~ (stealth).
   226 | D:1      | 226 ||| Stepping ~*~*~tactically~*~*~ (stealth).
   247 | D:1      | 247 ||| FLEEEEING.
   248 | D:1      | 248 ||| FLEEEEING.
   249 | D:1      | 249 ||| Stepping ~*~*~tactically~*~*~ (stealth).
   250 | D:1      | 250 ||| Stepping ~*~*~tactically~*~*~ (stealth).
   292 | D:1      | 292 ||| Stepping ~*~*~tactically~*~*~ (hiding).
   294 | D:1      | 294 ||| Stepping ~*~*~tactically~*~*~ (hiding).
   353 | D:1      | 353 ||| Stepping ~*~*~tactically~*~*~ (hiding).
   357 | D:1      | Reached skill level 3 in Axes
   361 | D:1      | 361 ||| Stepping ~*~*~tactically~*~*~ (stealth).
   391 | D:1      | 391 ||| Stepping ~*~*~tactically~*~*~ (stealth).
   413 | D:1      | Found a faded altar of an unknown god.
   520 | D:1      | 520 ||| DROPPING ring of flight.
   521 | D:1      | 521 ||| READING 3 scrolls labelled OLUOM SIUGGOESCH.
   522 | D:1      | 522 ||| READING 2 scrolls labelled MOMAVO ZEMA.
   523 | D:1      | 523 ||| DROPPING 2 scrolls of blinking.
   610 | D:2      | Reached XP level 3. HP: 18/23 MP: 3/3
   719 | D:2      | 719 ||| DROPPING +0 club.
   943 | D:2      | Reached XP level 4. HP: 27/28 MP: 4/4
  1347 | D:2      | 1347 ||| DROPPING amulet of magic regeneration.
  1348 | D:2      | 1348 ||| DROPPING +6 ring of intelligence.
  1349 | D:2      | 1349 ||| READING scroll labelled GOQUFO SEUDIH.
  1450 | D:2      | 1450 ||| READING scroll labelled XAUHER CETI.
  1454 | D:2      | 1454 ||| READING 2 scrolls of identify.
  1454 | D:2      | 1454 ||| IDENTIFYING silvery potion
  1672 | D:3      | Reached skill level 4 in Axes
  1782 | D:3      | Found an iron altar of Okawaru.
  1783 | D:3      | 1783 ||| PLANNING OKAWARU WORSHIP
  1787 | D:3      | Noticed Sigmund
  1801 | D:3      | Killed Sigmund
  1802 | D:3      | Reached skill level 5 in Axes
  1802 | D:3      | Reached XP level 5. HP: 18/32 MP: 5/5
  1802 | D:3      | Reached XP level 6. HP: 21/37 MP: 6/6
  1861 | D:3      | Became a worshipper of Warmaster Okawaru
  1862 | D:3      | 1862 ||| PLANNING D:1-11
  2001 | D:3      | Identified the +2 pair of boots of the Growing Gods {rPois
                  | rN+}
  2053 | D:3      | Found a shadowy altar of Dithmenos.
  2358 | D:3      | 2358 ||| UPGRADING to +2 pair of boots of the Growing Gods
                  | {rPois rN+}.
  2363 | D:3      | 2363 ||| UPGRADING to +5 ring of evasion.
  2364 | D:3      | 2364 ||| UPGRADING to ring of protection from fire.
  2365 | D:3      | 2365 ||| READING 3 scrolls labelled HOUCWE GONE.
  2366 | D:3      | 2366 ||| READING 2 scrolls of enchant weapon.
  2366 | D:3      | 2366 ||| ENCHANTING +1 war axe.
  2367 | D:3      | 2367 ||| READING scroll of enchant weapon.
  2367 | D:3      | 2367 ||| ENCHANTING +2 war axe.
  2368 | D:3      | 2368 ||| READING scroll labelled OSI CIPU HIRR.
  2423 | D:4      | Reached skill level 1 in Throwing
  2566 | D:4      | 2566 ||| DROPPING +0 whip.
  2610 | D:4      | Found a staircase to the Ecumenical Temple.
  2629 | D:4      | Found Buarchise's General Store.
  2640 | D:4      | Found a shimmering altar of Xom.
  2652 | D:4      | 2652 ||| BUYING potion of heal wounds (50 gold).
  2652 | D:4      | Bought a potion of heal wounds for 50 gold pieces
  2652 | D:4      | 2652 ||| BUYING scroll of identify (20 gold).
  2652 | D:4      | Bought a scroll of identify for 20 gold pieces
  2903 | D:4      | Found a burning altar of Makhleb.
  3035 | D:4      | 3035 ||| UPGRADING to +0 chain mail of poison resistance.
  3045 | D:4      | 3045 ||| DROPPING +0 scale mail.
  3046 | D:4      | 3046 ||| READING scroll labelled YDUEHI BAGA.
  3047 | D:4      | 3047 ||| READING 2 scrolls of identify.
  3047 | D:4      | 3047 ||| IDENTIFYING dark potion
  3048 | D:4      | 3048 ||| DROPPING potion of brilliance.
  3084 | D:5      | Entered Level 5 of the Dungeon
  3090 | D:5      | 3090 ||| STAIRDANCE
  3116 | D:5      | Reached skill level 6 in Axes
  3116 | D:5      | Reached XP level 7. HP: 35/43 MP: 7/7
  3182 | D:5      | Reached * piety under Okawaru
  3183 | D:5      | Reached skill level 1 in Dodging
  3260 | D:5      | 3260 ||| Stepping ~*~*~tactically~*~*~ (hiding).
  3264 | D:5      | 3264 ||| INVOKING Heroism.
  3272 | D:5      | Reached skill level 1 in Invocations
  3293 | D:5      | 3293 ||| DROPPING +0 mace.
  3296 | D:5      | 3296 ||| DROPPING +0 flail.
  3299 | D:5      | Reached skill level 7 in Axes
  3343 | D:5      | Reached XP level 8. HP: 43/48 MP: 9/9
  3362 | D:5      | Found a sparkling altar of Nemelex Xobeh.
  3373 | D:5      | Identified the +0 ring mail of Hadjma {Int+4}
  3558 | D:5      | 3558 ||| DROPPING +0 ring mail of Hadjma {Int+4}.
  3559 | D:5      | 3559 ||| UPGRADING to +0 helmet.
  3569 | D:6      | 3569 ||| STAIRDANCE
  3673 | D:6      | 3673 ||| INVOKING Heroism.
  3695 | D:6      | 3695 ||| FLEEEEING.
  3696 | D:6      | 3696 ||| FLEEEEING.
  3697 | D:6      | 3697 ||| STAIRDANCE
  3701 | D:6      | 3701 ||| Stepping ~*~*~tactically~*~*~ (stealth).
  3708 | D:6      | Reached skill level 3 in Invocations
  3896 | D:6      | Identified the +1 ring mail of Kuoworudd {Harm MP+9}
  3990 | D:6      | 3990 ||| Stepping ~*~*~tactically~*~*~ (hiding).
  4024 | D:6      | 4024 ||| Stepping ~*~*~tactically~*~*~ (hiding).
  4046 | D:6      | 4046 ||| Stepping ~*~*~tactically~*~*~ (stealth).
  4048 | D:6      | 4048 ||| Stepping ~*~*~tactically~*~*~ (stealth).
  4079 | D:6      | 4079 ||| Stepping ~*~*~tactically~*~*~ (stealth).
  4138 | D:6      | Found Yqys's Mayhem Merchandise.
  4148 | D:6      | 4148 ||| BUYING +3 heavy broad axe (242 gold).
  4148 | D:6      | Bought a +3 heavy broad axe for 242 gold pieces
  4148 | D:6      | 4148 ||| SWAPPING to +3 heavy broad axe.
  4149 | D:6      | 4149 ||| DROPPING +3 war axe.
  4375 | D:6      | 4375 ||| Stepping ~*~*~tactically~*~*~ (stealth).
  4385 | D:6      | 4385 ||| Stepping ~*~*~tactically~*~*~ (stealth).
  4398 | D:6      | Reached skill level 8 in Axes
  4399 | D:6      | 4399 ||| INVOKING Heroism.
  4403 | D:6      | Reached XP level 9. HP: 22/54 MP: 9/12
  4646 | D:6      | 4646 ||| Stepping ~*~*~tactically~*~*~ (stealth).
  4647 | D:6      | 4647 ||| Stepping ~*~*~tactically~*~*~ (stealth).
  4656 | D:6      | 4656 ||| Stepping ~*~*~tactically~*~*~ (stealth).
  4660 | D:6      | 4660 ||| INVOKING Heroism.
  4813 | D:6      | 4813 ||| DROPPING +1 ring mail of Kuoworudd {Harm MP+9}.
  4814 | D:6      | 4814 ||| UPGRADING to +0 cloak.
  4819 | D:6      | 4819 ||| READING scroll labelled BUIKHI REYNWA.
  4820 | D:6      | 4820 ||| READING scroll labelled BOYWIARYPU.
  4821 | D:6      | 4821 ||| READING 2 scrolls of identify.
  4821 | D:6      | 4821 ||| IDENTIFYING grey potion
  4822 | D:6      | 4822 ||| DROPPING potion of degeneration.
  4853 | D:6      | 4853 ||| Stepping ~*~*~tactically~*~*~ (stealth).
  4855 | D:6      | 4855 ||| Stepping ~*~*~tactically~*~*~ (hiding).
  4883 | D:7      | 4883 ||| INVOKING Heroism.
  4894 | D:7      | Reached skill level 6 in Fighting
  4895 | D:7      | 4895 ||| INVOKING Heroism.
  4986 | D:7      | 4986 ||| Stepping ~*~*~tactically~*~*~ (stealth).
  4996 | D:7      | Noticed a manticore
  4997 | D:7      | Reached skill level 9 in Axes
  4997 | D:7      | 4997 ||| INVOKING Heroism.
  4999 | D:7      | Reached ** piety under Okawaru
  5001 | D:7      | Killed a manticore
  5002 | D:7      | Reached skill level 6 in Armour
  5032 | D:7      | 5032 ||| Stepping ~*~*~tactically~*~*~ (hiding).
  5034 | D:7      | 5034 ||| Stepping ~*~*~tactically~*~*~ (hiding).
  5044 | D:7      | 5044 ||| Stepping ~*~*~tactically~*~*~ (hiding).
  5045 | D:7      | 5045 ||| INVOKING Heroism.
  5059 | D:7      | Reached XP level 10. HP: 62/63 MP: 13/13
  5106 | D:7      | 5106 ||| Stepping ~*~*~tactically~*~*~ (stealth).
  5112 | D:7      | 5112 ||| INVOKING Heroism.
  5375 | D:7      | Found an opulent altar of Gozag.
  5389 | D:7      | Reached skill level 10 in Axes
  5603 | D:7      | Reached *** piety under Okawaru
  5896 | D:7      | Found an ornate altar of the Wu Jian Council.
  5904 | D:7      | 5904 ||| UPGRADING to +0 plate armour.
  5914 | D:7      | 5914 ||| DROPPING +0 chain mail of poison resistance.
  5915 | D:7      | 5915 ||| READING scroll labelled HYPRIQUHAO.
  5916 | D:7      | 5916 ||| READING scroll labelled KUOVETHRUQETS.
  5917 | D:7      | 5917 ||| DRINKING 2 yellow potions.
  5918 | D:7      | 5918 ||| READING 2 scrolls of identify.
  5918 | D:7      | 5918 ||| IDENTIFYING sedimented coppery potion
  5999 | D:8      | 5999 ||| INVOKING Heroism.
  6156 | D:8      | Noticed a +0 short sword
  6156 | D:8      | Noticed a +0 spear
  6157 | D:8      | Noticed a +0 falchion
  6157 | D:8      | Noticed a +0 short sword
  6157 | D:8      | Noticed a +0 dagger
  6157 | D:8      | Noticed a +0 falchion
  6158 | D:8      | Noticed a +0 spear
  6158 | D:8      | Noticed a +0 dagger
  6162 | D:8      | Found a hide-covered altar of Uskayaw.
  6172 | D:8      | 6172 ||| Stepping ~*~*~tactically~*~*~ (stealth).
  6361 | D:8      | 6361 ||| Stepping ~*~*~tactically~*~*~ (hiding).
  6384 | D:8      | Noticed Erica
  6385 | D:8      | 6385 ||| Stepping ~*~*~tactically~*~*~ (hiding).
  6386 | D:8      | 6386 ||| INVOKING Heroism.
  6391 | D:8      | Killed Erica
  6425 | D:8      | 6425 ||| SWAPPING to +2 vampiric broad axe.
  6450 | D:8      | 6450 ||| PLANNING D:1-11
  6465 | D:8      | Found a hazy altar of Hepliaklqana.
  6500 | D:8      | 6500 ||| READING scroll of enchant weapon.
  6500 | D:8      | 6500 ||| ENCHANTING +2 vampiric broad axe.
  6574 | D:8      | 6574 ||| Stepping ~*~*~tactically~*~*~ (hiding).
  6576 | D:8      | 6576 ||| INVOKING Heroism.
  6659 | D:9      | 6659 ||| Stepping ~*~*~tactically~*~*~ (stealth).
  6693 | D:9      | 6693 ||| Stepping ~*~*~tactically~*~*~ (stealth).
  6694 | D:9      | 6694 ||| Stepping ~*~*~tactically~*~*~ (hiding).
  6744 | D:9      | 6744 ||| DROPPING +2 flail of freezing.
  6745 | D:9      | 6745 ||| DROPPING +2 flail of holy wrath.
  6747 | D:9      | Noticed a two-headed ogre
  6748 | D:9      | 6748 ||| INVOKING Heroism.
  6755 | D:9      | Killed a two-headed ogre
  6755 | D:9      | Received a gift from Okawaru
  6755 | D:9      | Reached **** piety under Okawaru
  6756 | D:9      | Reached XP level 11. HP: 68/68 MP: 12/14
  6830 | D:9      | Noticed a two-headed ogre
  6831 | D:9      | 6831 ||| INVOKING Heroism.
  6842 | D:9      | Killed a two-headed ogre
  6843 | D:9      | Reached skill level 11 in Axes
  6860 | D:9      | Found a glowing golden altar of the Shining One.
  7031 | D:9      | Found a staircase to the Lair.
  7070 | D:9      | Noticed a two-headed ogre
  7071 | D:9      | 7071 ||| INVOKING Heroism.
  7089 | D:9      | 7089 ||| INVOKING Heroism.
  7091 | D:9      | Killed a two-headed ogre
  7182 | D:9      | 7182 ||| Stepping ~*~*~tactically~*~*~ (stealth).
  7335 | D:9      | Noticed Harold
  7336 | D:9      | 7336 ||| Stepping ~*~*~tactically~*~*~ (stealth).
  7338 | D:9      | 7338 ||| Stepping ~*~*~tactically~*~*~ (stealth).
  7339 | D:9      | 7339 ||| Stepping ~*~*~tactically~*~*~ (stealth).
  7340 | D:9      | 7340 ||| INVOKING Heroism.
  7353 | D:9      | Killed Harold
  7464 | D:9      | Found an ancient bone altar of Kikubaaqudgha.
  7464 | D:9      | Found a radiant altar of Vehumet.
  7465 | D:9      | 7465 ||| Stepping ~*~*~tactically~*~*~ (hiding).
  7466 | D:9      | 7466 ||| Stepping ~*~*~tactically~*~*~ (hiding).
  7468 | D:9      | Found a basalt altar of Yredelemnul.
  7473 | D:9      | Reached skill level 6 in Invocations
  7574 | D:9      | Found a broken altar of Ashenzari.
  7574 | D:9      | Found a stormy altar of Qazlal.
  7786 | D:9      | 7786 ||| PLANNING LAIR
  7786 | D:9      | 7786 ||| READING scroll labelled XEANGU OCZUPI.
  7787 | D:9      | 7787 ||| READING 3 scrolls of identify.
  7787 | D:9      | 7787 ||| IDENTIFYING lumpy cyan potion
  7788 | D:9      | 7788 ||| READING 2 scrolls of identify.
  7788 | D:9      | 7788 ||| IDENTIFYING fizzy golden potion
  7800 | Lair:1   | Entered Level 1 of the Lair of Beasts
  7806 | Lair:1   | 7806 ||| STAIRDANCE
  7808 | D:9      | 7808 ||| INVOKING Heroism.
  7839 | Lair:1   | 7839 ||| INVOKING Heroism.
  7860 | Lair:1   | 7860 ||| INVOKING Heroism.
  7890 | Lair:1   | 7890 ||| INVOKING Heroism.
  7893 | Lair:1   | Reached skill level 9 in Fighting
  8045 | Lair:1   | 8045 ||| Stepping ~*~*~tactically~*~*~ (stealth).
  8057 | Lair:1   | 8057 ||| INVOKING Heroism.
  8217 | Lair:1   | 8217 ||| INVOKING Heroism.
  8316 | Lair:1   | 8316 ||| INVOKING Heroism.
  8324 | Lair:1   | Reached XP level 12. HP: 76/76 MP: 16/18
  8588 | Lair:1   | Received a gift from Okawaru
  8874 | Lair:1   | 8874 ||| UPGRADING to +0 kite shield.
  8884 | Lair:1   | 8884 ||| DROPPING +0 buckler.
  9017 | Lair:2   | 9017 ||| INVOKING Heroism.
  9021 | Lair:2   | Reached skill level 6 in Shields
  9028 | Lair:2   | Reached skill level 9 in Invocations
  9076 | Lair:2   | Identified the +9 quarterstaff "Gargoyle's Peril" {elec,
                  | +Blink rF- MP+9}
  9114 | Lair:2   | Found a staircase to the Snake Pit.
  9281 | Lair:2   | Reached ***** piety under Okawaru
  9286 | Lair:2   | Received a gift from Okawaru
  9319 | Lair:2   | Noticed a skyshark
  9338 | Lair:2   | 9338 ||| INVOKING Heroism.
  9342 | Lair:2   | Killed a skyshark
  9389 | Lair:2   | 9389 ||| Stepping ~*~*~tactically~*~*~ (stealth).
  9603 | Lair:2   | Found a staircase to the Shoals.
  9614 | Lair:2   | 9614 ||| INVOKING Heroism.
  9615 | Lair:2   | Identified the +1 robe of the Enchanting Gods {rN+}
                  | (Okawaru gifted it to you on level 2 of the Lair of Beasts)
  9615 | Lair:2   | Received a gift from Okawaru
  9799 | Lair:2   | 9799 ||| UPGRADING to amulet of regeneration.
  9804 | Lair:2   | 9804 ||| READING scroll labelled UVUMMI ZAFOYC.
  9833 | Lair:3   | 9833 ||| STAIRDANCE
  9853 | Lair:3   | 9853 ||| STAIRDANCE
  9862 | Lair:3   | 9862 ||| STAIRDANCE
 10012 | Lair:3   | 10012 ||| INVOKING Heroism.
 10017 | Lair:3   | Reached skill level 9 in Shields
 10053 | Lair:3   | Found a runed translucent door.
 10123 | Lair:3   | 10123 ||| INVOKING Heroism.
 10157 | Lair:3   | 10157 ||| Stepping ~*~*~tactically~*~*~ (stealth).
 10158 | Lair:3   | 10158 ||| Stepping ~*~*~tactically~*~*~ (stealth).
 10170 | Lair:3   | 10170 ||| Stepping ~*~*~tactically~*~*~ (stealth).
 10172 | Lair:3   | 10172 ||| Stepping ~*~*~tactically~*~*~ (stealth).
 10191 | Lair:3   | Reached skill level 12 in Axes
 10250 | Lair:3   | Noticed an eight-headed hydra
 10251 | Lair:3   | 10251 ||| INVOKING Heroism.
 10254 | Lair:3   | 10254 ||| SWAPPING to +4 morningstar.
 10266 | Lair:3   | HP: 13/76 [eight-headed hydra (9)]
 10267 | Lair:3   | 10267 ||| READING 6 scrolls of teleportation.
 10267 | Lair:3   | HP: 3/76 [eight-headed hydra (11)]
 10267 | Lair:3   | Mangled by an eight-headed hydra

Levels and vault maps discovered:
D:1:      ldierk_walled_garden_2, layout_rooms, basic_ecumenical_altar
D:2:      layout_loops_ring
D:3:      layout_basic, grunt_dithmenos_smoke_and_mirrors,
          mainiacjoe_overflow_small_starburst, kennysheep_generic_room_12,
          uniq_sigmund
D:4:      layout_loops_ring, mainiacjoe_overflow_cross_hatched,
          mainiacjoe_overflow_surrounded_room, minmay_temple_entry_antechambers,
          serial_shops, shop, kennysheep_generic_room_14
D:5:      layout_rooms, lemuel_round_altar
D:6:      layout_basic, minmay_misc_feat_roman, minmay_shop_mayhem,
          nicolae_hexahallways, nrook_campfire
D:7:      cheibrodos_fzero, layout_basic, nicolae_wu_jian_immortal_techniques,
          nicolae_gozag_cash_rules_everything_around_me, grunt_ministairs_1,
          kennysheep_diamond
D:8:      layout_basic, nicolae_uskayaw_en_pointe, lemuel_doored_altar,
          uniq_erica
D:9:      layout_gridville, kennysheep_little_box, grunt_temple_overflow_open,
          hellmonk_lair_entry_icy, uniq_harold
Lair:1:   layout_cave_pods, serial_bayou_lake_a
Lair:2:   layout_gridlike, minmay_shoals_entry_hut,
          minmay_snake_entry_six_corridors, uniq_amaemon
Lair:3:   layout_chaotic_city, ebering_ghost_funeral_grove,
          serial_bayou_shore_b, grunt_megastairs_4

Skill      XL: |  1  2  3  4  5  6  7  8  9 10 11 12 |
---------------+-------------------------------------+-----
Axes           | 2 3 5 6 7 8 9 10 11 12 | 12.0
Throwing       | 1 2 4 |  4.4
Fighting       | 4 5 7 8 9 |  9.0
Dodging        | 1 |  1.4
Invocations    | 2 4 8 10 | 10.0
Armour         | 4 6 7 8 |  8.5
Shields        | 4 5 10 | 10.0

Action                     |  1- 3 |  4- 6 |  7- 9 | 10-12 || total
---------------------------+-------+-------+-------+-------++-------
  Melee: War axe           |    90 |    62 |    49 |       ||   201
         Broad axe         |       |       |    86 |   547 ||   633
         Morningstar       |       |       |       |    11 ||    11
  Throw: Javelin           |       |    19 |    30 |    48 ||    97
         Boomerang         |       |       |       |    18 ||    18
 Invoke: Heroism           |       |       |     8 |    22 ||    30
    Use: Scroll            |     2 |     9 |     3 |     9 ||    23
         Potion            |       |       |       |     1 ||     1
   Stab: Distracted        |       |       |       |     1 ||     1
 Armour: Scale mail        |    44 |    25 |       |       ||    69
         Chain mail        |       |     3 |    95 |    56 ||   154
         Plate armour      |       |       |       |   342 ||   342
         Skin              |       |       |       |     1 ||     1
  Dodge: Dodged            |    32 |    32 |   112 |   398 ||   574
  Block: Buckler           |    16 |     7 |    37 |    97 ||   157
         Kite shield       |       |       |       |   146 ||   146

Table legend:
 A = Non-vault XP
 B = Vault XP
 C = Vault XP percentage of total XP
 D = Non-vault monster count
 E = Vault monster count
 F = Vault count percentage of total count
                 A         B        C        D         E       F
            +---------+---------+-------+---------+---------+-------
      Total |   23709 |    8043 |  25.3 |     224 |      45 |  16.7
            +---------+---------+-------+---------+---------+-------
        D:1 |      32 |       0 |   0.0 |      20 |       0 |   0.0
        D:2 |      63 |       0 |   0.0 |      16 |       0 |   0.0
        D:3 |      19 |     227 |  92.3 |      12 |       2 |  14.3
        D:4 |     249 |       5 |   2.0 |       7 |       2 |  22.2
        D:5 |     647 |       0 |   0.0 |      10 |       0 |   0.0
        D:6 |    1192 |       0 |   0.0 |      23 |       0 |   0.0
        D:7 |    1264 |    2060 |  62.0 |      28 |      20 |  41.7
        D:8 |    1521 |     831 |  35.3 |      21 |       1 |   4.5
        D:9 |    4599 |    2001 |  30.3 |      22 |       8 |  26.7
     Lair:1 |    4303 |       0 |   0.0 |      25 |       0 |   0.0
     Lair:2 |    6147 |    2720 |  30.7 |      22 |      11 |  33.3
     Lair:3 |    3673 |     199 |   5.1 |      18 |       1 |   5.3
            +---------+---------+-------+---------+---------+-------
